3L
LAS VEGAS FLAMINGOS @ SEATTLE AVIATORS
09/23/2030
 
TOP OF THE 1ST
Las Vegas Flamingos batting - Pitching for Seattle Aviators : RHP José Muñóz
Pitching: RHP José Muñóz
Batting: RHB Sake van Arem 0-0: SINGLE (Line Drive, 4MD)
Batting: LHB Ruud van Ineveld 0-0: Called Strike
0-1: Ball
1-1: Ball
2-1: Foul Ball, location: 2F
2-2: Ball
3-2: Foul Ball, location: 2F
3-2: Foul Ball, location: 2F
3-2: Base on Balls
Sake van Arem to second
Batting: LHB Victor Adams 0-0: Ball
1-0: Ball
2-0: Foul Ball, location: 2F
2-1: SINGLE (Line Drive, 9S)
Sake van Arem to third
Ruud van Ineveld to second
Runner from 3rd tries for Home, SAFE, throw made home
Batting: RHB Sergio Ortíz 0-0: Ball
1-0: Fly out, F6 (Flyball, 6MD)
Batting: SHB Glyn Bolasky 0-0: Ball
1-0: Foul Ball, location: 2F
1-1: Ball
2-1: Called Strike
2-2: Foul Ball, location: 2F
2-2: Foul Ball, location: 2F
2-2: Fielders Choice at 2nd, 5-4 (Groundball, 56)
Ruud van Ineveld to third
Batting: LHB Job Pels 0-0: Ground out 4-3 (Groundball, 4M)
Top of the 1st over - 1 run, 2 hits, 0 errors, 2 left on base; Las Vegas 1 - Seattle 0
BOTTOM OF THE 1ST
Seattle Aviators batting - Pitching for Las Vegas Flamingos : RHP Cris Herrera
Pitching: RHP Cris Herrera
Batting: SHB Juan Torres 0-0: Ball
1-0: Ball
2-0: Ground out 4-3 (Groundball, 4D)
Batting: LHB Pedro Corona 0-0: Ball
1-0: Foul Ball, location: 2F
1-1: Ball
2-1: Ball
3-1: Base on Balls
Batting: LHB Kenny Webster 0-0: 2-RUN HOME RUN (Flyball, 9LD), Distance : 335 ft
Batting: LHB Jorge Mojica 0-0: Ball
1-0: SOLO HOME RUN (Flyball, 89XD), Distance : 386 ft
Batting: LHB Dong-jin Kim 0-0: Called Strike
0-1: Ball
1-1: Fly out, F8 (Line Drive, 8RD)
Batting: SHB Nuygen Vuong 0-0: Ball
1-0: SINGLE (Groundball, 4S) (infield hit)
Batting: RHB Jay Parker 0-0: Called Strike
Nuygen Vuong steals 2nd base
0-1: Ball
1-1: Ball
2-1: Ground out 1-3 (Groundball, 13S)
Bottom of the 1st over - 3 runs, 3 hits, 0 errors, 1 left on base; Las Vegas 1 - Seattle 3
TOP OF THE 2ND
Las Vegas Flamingos batting - Pitching for Seattle Aviators : RHP José Muñóz
Batting: LHB José Alonso 0-0: Ball
1-0: Fly out, F7 (Flyball, 78S)
Batting: SHB Wilbert Carter 0-0: Called Strike
0-1: Fly out, F8 (Flyball, 89D)
Batting: RHB Jeff Young 0-0: Called Strike
0-1: Ground out 6-3 (Groundball, 6)
Top of the 2nd over - 0 runs, 0 hits, 0 errors, 0 left on base; Las Vegas 1 - Seattle 3
BOTTOM OF THE 2ND
Seattle Aviators batting - Pitching for Las Vegas Flamingos : RHP Cris Herrera
Batting: LHB Jorge Ortíz 0-0: Foul Ball, location: 2F
0-1: Ground out U3 (Groundball, 3)
Batting: RHB José Leyva 0-0: Foul Ball, location: 2F
0-1: Swinging Strike
0-2: Strikes out swinging, 2-3 out at first.
Batting: SHB Juan Torres 0-0: Swinging Strike
0-1: Swinging Strike
0-2: Foul Ball, location: 2F
0-2: Ball
1-2: Ball
2-2: Foul Ball, location: 2F
2-2: Fly out, F2 (Popup, 2L)
Bottom of the 2nd over - 0 runs, 0 hits, 0 errors, 0 left on base; Las Vegas 1 - Seattle 3
TOP OF THE 3RD
Las Vegas Flamingos batting - Pitching for Seattle Aviators : RHP José Muñóz
Batting: RHB Sake van Arem 0-0: Ball
1-0: Called Strike
1-1: Called Strike
1-2: Ball
2-2: Ball
3-2: Base on Balls
Batting: LHB Ruud van Ineveld 0-0: Called Strike
0-1: Called Strike
0-2: Fielders Choice at 2nd, 3-6 (Groundball, 3)
Batting: LHB Victor Adams 0-0: Called Strike
0-1: Swinging Strike
0-2: Ball
1-2: Fly out, F4 (Line Drive, 4)
Batting: RHB Sergio Ortíz 0-0: Foul Ball, location: 2F
0-1: Ball
1-1: Ball
2-1: SINGLE (Line Drive, 78S)
Ruud van Ineveld to second
Batting: SHB Glyn Bolasky 0-0: Ball
1-0: Foul Ball, location: 2F
1-1: Foul Ball, location: 2F
1-2: Foul Ball, location: 2F
1-2: Hit by Pitch
Ruud van Ineveld to third
Sergio Ortíz to second
Batting: LHB Job Pels 0-0: Ball
1-0: Ball
2-0: Ball
3-0: Called Strike
3-1: Foul Ball, location: 2F
3-2: Foul Ball, location: 2F
3-2: Ground out 4-3 (Groundball, 4)
Top of the 3rd over - 0 runs, 1 hit, 0 errors, 3 left on base; Las Vegas 1 - Seattle 3
BOTTOM OF THE 3RD
Seattle Aviators batting - Pitching for Las Vegas Flamingos : RHP Cris Herrera
Batting: LHB Pedro Corona 0-0: Foul Ball, location: 2F
0-1: Fly out, F7 (Flyball, 7D)
Batting: LHB Kenny Webster 0-0: Swinging Strike
0-1: SOLO HOME RUN (Flyball, 9D), Distance : 356 ft
Batting: LHB Jorge Mojica 0-0: Ball
1-0: Ball
2-0: Ball
3-0: Base on Balls
Batting: LHB Dong-jin Kim 0-0: Ball
1-0: Fly out, F9 (Flyball, 9LS)
Batting: SHB Nuygen Vuong 0-0: Foul Ball, location: 2F
0-1: Ball
1-1: Ball
2-1: Ball
3-1: Base on Balls
Jorge Mojica to second
Batting: RHB Jay Parker 0-0: Foul Ball, location: 2F
0-1: Ball
1-1: Ball
2-1: Called Strike
2-2: Ground out 3-1 (Groundball, 34)
Bottom of the 3rd over - 1 run, 1 hit, 0 errors, 2 left on base; Las Vegas 1 - Seattle 4
TOP OF THE 4TH
Las Vegas Flamingos batting - Pitching for Seattle Aviators : RHP José Muñóz
Batting: LHB José Alonso 0-0: Called Strike
0-1: Ball
1-1: Foul Ball, location: 2F
1-2: Ball
2-2: Fly out, F8 (Flyball, 8RS)
Batting: SHB Wilbert Carter 0-0: Fly out, F3 (Popup, 3S)
Batting: RHB Jeff Young 0-0: Swinging Strike
0-1: Fly out, F8 (Line Drive, 8LD)
Top of the 4th over - 0 runs, 0 hits, 0 errors, 0 left on base; Las Vegas 1 - Seattle 4
BOTTOM OF THE 4TH
Seattle Aviators batting - Pitching for Las Vegas Flamingos : RHP Cris Herrera
Batting: LHB Jorge Ortíz 0-0: Called Strike
0-1: Ball
1-1: Fly out, F8 (Flyball, 8LD)
Batting: RHB José Leyva 0-0: Fly out, F7 (Flyball, 7D)
Batting: SHB Juan Torres 0-0: SINGLE (Groundball, 3D)
Batting: LHB Pedro Corona 0-0: Ball
Juan Torres steals 2nd base
1-0: Ball
Passed Ball!
Juan Torres to third
2-0: Swinging Strike
2-1: Ball
3-1: Base on Balls
Batting: LHB Kenny Webster 0-0: Ball
1-0: Called Strike
1-1: Ball
2-1: Ball
3-1: Foul Ball, location: 2F
3-2: Base on Balls
Pedro Corona to second
Batting: LHB Jorge Mojica 0-0: Ball
1-0: Foul Ball, location: 2F
1-1: Fly out, F9 (Flyball, 9S)
Bottom of the 4th over - 0 runs, 1 hit, 0 errors, 3 left on base; Las Vegas 1 - Seattle 4
TOP OF THE 5TH
Las Vegas Flamingos batting - Pitching for Seattle Aviators : RHP José Muñóz
Batting: RHB Sake van Arem 0-0: Called Strike
0-1: Swinging Strike
0-2: Ball
1-2: Ball
2-2: SINGLE (Groundball, 56D)
Batting: LHB Ruud van Ineveld 0-0: Swinging Strike
Sake van Arem steals 2nd base
0-1: Foul Ball, location: 2F
0-2: Ball
Wild Pitch!
Sake van Arem to third
1-2: Foul Ball, location: 2F
1-2: Strikes out swinging
Batting: LHB Victor Adams 0-0: Foul Ball, location: 2F
0-1: Foul Ball, location: 2F
0-2: Ball
1-2: Ball
2-2: Foul Ball, location: 2F
2-2: Ball
3-2: Ground out 1-3 (Groundball, 13S)
Batting: RHB Sergio Ortíz 0-0: Ball
1-0: Foul Ball, location: 2F
1-1: Swinging Strike
1-2: Ball
2-2: SINGLE (Line Drive, 56D)
Sake van Arem scores
Batting: SHB Glyn Bolasky 0-0: Fly out, F2 (Popup, 2RF)
Top of the 5th over - 1 run, 2 hits, 0 errors, 1 left on base; Las Vegas 2 - Seattle 4
BOTTOM OF THE 5TH
Seattle Aviators batting - Pitching for Las Vegas Flamingos : RHP Cris Herrera
Batting: LHB Dong-jin Kim 0-0: Called Strike
0-1: Ball
1-1: Called Strike
1-2: Ball
2-2: Strikes out swinging
Batting: SHB Nuygen Vuong 0-0: Foul Ball, location: 2F
0-1: Called Strike
0-2: Ball
1-2: Ball
2-2: Strikes out swinging
Batting: RHB Jay Parker 0-0: Ball
1-0: Foul Ball, location: 2F
1-1: Foul Ball, location: 2F
1-2: Strikes out looking
Bottom of the 5th over - 0 runs, 0 hits, 0 errors, 0 left on base; Las Vegas 2 - Seattle 4
TOP OF THE 6TH
Las Vegas Flamingos batting - Pitching for Seattle Aviators : RHP José Muñóz
Batting: LHB Job Pels 0-0: Called Strike
0-1: Foul Ball, location: 2F
0-2: Foul Ball, location: 2F
0-2: DOUBLE (Line Drive, 7LS)
Batting: LHB José Alonso 0-0: Fly out, F8 (Flyball, 8RS)
Batting: SHB Wilbert Carter 0-0: Called Strike
0-1: Fly out, F9 (Line Drive, 9LD)
Runner from 2nd tags up, SAFE at 3rd, no throw
Batting: RHB Jeff Young 0-0: Ground out 6-3 (Groundball, 6)
Top of the 6th over - 0 runs, 1 hit, 0 errors, 1 left on base; Las Vegas 2 - Seattle 4
BOTTOM OF THE 6TH
Seattle Aviators batting - Pitching for Las Vegas Flamingos : RHP Cris Herrera
Batting: LHB Jorge Ortíz 0-0: Ball
1-0: Ball
2-0: Called Strike
2-1: Foul Ball, location: 2F
2-2: Ground out 4-3 (Groundball, 34)
Batting: RHB José Leyva 0-0: Foul Ball, location: 2F
0-1: Ball
1-1: Swinging Strike
1-2: Foul Ball, location: 2F
1-2: Strikes out looking
Batting: SHB Juan Torres 0-0: Ground out 4-3 (Groundball, 4)
Bottom of the 6th over - 0 runs, 0 hits, 0 errors, 0 left on base; Las Vegas 2 - Seattle 4
TOP OF THE 7TH
Las Vegas Flamingos batting - Pitching for Seattle Aviators : RHP José Muñóz
Batting: RHB Sake van Arem 0-0: Ball
1-0: Called Strike
1-1: Foul Ball, location: 2F
1-2: Ball
2-2: Foul Ball, location: 2F
2-2: Foul Ball, location: 2F
2-2: SINGLE (Groundball, 6MD)
Batting: LHB Ruud van Ineveld 0-0: Ball
1-0: Swinging Strike
1-1: Foul Ball, location: 2F
1-2: Ball
2-2: Strikes out looking
Sake van Arem steals 2nd base
Batter strikes out.
Batting: LHB Victor Adams 0-0: Ball
1-0: Swinging Strike
1-1: Ground out 5-3 (Groundball, 56D)
Pitching: RHP John Woods
Batting: RHB Sergio Ortíz 0-0: Called Strike
0-1: Ground out 6-3 (Groundball, 6)
Top of the 7th over - 0 runs, 1 hit, 0 errors, 1 left on base; Las Vegas 2 - Seattle 4
BOTTOM OF THE 7TH
Seattle Aviators batting - Pitching for Las Vegas Flamingos : RHP Cris Herrera
Batting: LHB Pedro Corona 0-0: Ball
1-0: Ball
2-0: Fly out, F7 (Flyball, 7)
Batting: LHB Kenny Webster 0-0: Foul Ball, location: 2F
0-1: Foul Ball, location: 2F
0-2: Ball
1-2: SINGLE (Groundball, 6) (infield hit)
Pitching: RHP Melvin Haney
Batting: LHB Jorge Mojica 0-0: Ball
1-0: Swinging Strike
1-1: SINGLE (Line Drive, 9LS)
Kenny Webster to second
Runner from 2nd tries for 3rd, SAFE, no throw
Batting: LHB Dong-jin Kim 0-0: Ball
1-0: Called Strike
1-1: SINGLE (Flyball, 78S)
Kenny Webster scores
Jorge Mojica to second
Batting: SHB Nuygen Vuong 0-0: Ball
1-0: Foul Ball, location: 2F
1-1: Foul Ball, location: 2F
1-2: Strikes out swinging
Batting: RHB Jay Parker 0-0: Called Strike
0-1: Ball
1-1: Ball
2-1: Foul Ball, location: 2F
2-2: Strikes out swinging
Bottom of the 7th over - 1 run, 3 hits, 0 errors, 2 left on base; Las Vegas 2 - Seattle 5
TOP OF THE 8TH
Las Vegas Flamingos batting - Pitching for Seattle Aviators : RHP John Woods
Batting: SHB Glyn Bolasky 0-0: Foul Ball, location: 2F
0-1: Ball
1-1: Ball
2-1: Ball
3-1: Foul Ball, location: 2F
3-2: Base on Balls
Batting: LHB Job Pels 0-0: Ball
1-0: Called Strike
1-1: Ball
2-1: Ball
3-1: Fly out, F6 (Popup, P)
Batting: LHB José Alonso 0-0: Ball
1-0: Foul Ball, location: 2F
1-1: Ball
2-1: Foul Ball, location: 2F
2-2: Foul Ball, location: 2F
2-2: SINGLE (Groundball, 23) (infield hit)
Glyn Bolasky to second
Batting: SHB Wilbert Carter 0-0: Ball
1-0: Called Strike
1-1: Ball
2-1: Ground out 2-3 (Groundball, 15S)
Glyn Bolasky to third
José Alonso to second
Batting: RHB Jeff Young 0-0: Foul Ball, location: 2F
0-1: Ball
1-1: Ball
2-1: Fly out, F7 (Flyball, 78D)
Top of the 8th over - 0 runs, 1 hit, 0 errors, 2 left on base; Las Vegas 2 - Seattle 5
BOTTOM OF THE 8TH
Seattle Aviators batting - Pitching for Las Vegas Flamingos : RHP Melvin Haney
Batting: LHB Jorge Ortíz 0-0: Foul Ball, location: 2F
0-1: Ball
1-1: Foul Ball, location: 2F
1-2: Strikes out looking
Batting: RHB José Leyva 0-0: Called Strike
0-1: Ball
1-1: Ground out 5-3 (Groundball, 56)
Batting: SHB Juan Torres 0-0: Called Strike
0-1: Ball
1-1: Ball
2-1: Ball
3-1: Foul Ball, location: 2F
3-2: Foul Ball, location: 2F
3-2: Foul Ball, location: 2F
3-2: Base on Balls
Batting: LHB Pedro Corona 0-0: Ball
1-0: Called Strike
1-1: Foul Ball, location: 2F
1-2: Ball
Juan Torres steals 2nd base
2-2: Strikes out swinging
Bottom of the 8th over - 0 runs, 0 hits, 0 errors, 1 left on base; Las Vegas 2 - Seattle 5
TOP OF THE 9TH
Las Vegas Flamingos batting - Pitching for Seattle Aviators : RHP John Woods
Pitching: LHP Yajirobei Otomo
Batting: RHB Sake van Arem 0-0: Called Strike
0-1: Called Strike
0-2: Strikes out swinging
Batting: LHB Ruud van Ineveld 0-0: Ball
1-0: Ball
2-0: Ball
3-0: Base on Balls
Batting: LHB Victor Adams 0-0: Ball
1-0: Swinging Strike
1-1: Foul Ball, location: 2F
1-2: Ball
2-2: Strikes out swinging
Batting: RHB Sergio Ortíz 0-0: Called Strike
0-1: Ball
1-1: Fly out, F8 (Flyball, 78M)
Top of the 9th over - 0 runs, 0 hits, 0 errors, 1 left on base; Las Vegas 2 - Seattle 5
Sunday, March 18th, 2018 - OOTP Baseball 18.8 Build 76